 Dungeon Crawl Stone Soup version 0.17.2 (webtiles) character file.

97 Goblin1989 the Slasher (level 4, 0/33 HPs)
             Began as a Demonspawn Wanderer on July 9, 2016.
             Slain by a worm (12 damage)
             ... on level 2 of the Dungeon.
             The game lasted 00:08:54 (2236 turns).

Goblin1989 the Slasher (Demonspawn Wanderer)        Turns: 2236, Time: 00:08:54

Health: 0/33       AC:  5    Str: 13    XL:     4   Next: 42%
Magic:  4/4        EV: 12    Int: 12    God:
Gold:   53         SH:  0    Dex: 14    Spells: 0 memorised, 3 levels left

rFire  . . .     SeeInvis .     a - +2 falchion
rCold  . . .     Clarity  .     c - +0 robe
rNeg   . . .     SustAt   .     (no shield)
rPois  .         Gourm    +     h - +0 helmet
rElec  .         Spirit   .     (no cloak)
rCorr  .         Warding  .     (no gloves)
rMut   .         Stasis   .     (no boots)
MR     .....                    f - amulet of the gourmand
Stlth  ++........               (no ring)
                                (no ring)

@: not resistant to hostile enchantments, unstealthy
A: claws 1, slimy green scales 1, demonic guardian 1
a: no special abilities


You were on level 2 of the Dungeon.
You were very full.

You visited 1 branch of the dungeon, and saw 2 of its levels.

You collected 53 gold pieces.

Inventory:

Hand Weapons
 a - a +2 falchion (weapon)
Missiles
 n - 48 stones (quivered)
Armour
 c - a +0 robe (worn)
 h - a +0 helmet (worn)
Jewellery
 f - an amulet of the gourmand (around neck)
Scrolls
 b - 2 scrolls of teleportation
 g - a scroll of blinking {unknown}
 i - 2 scrolls of identify {unknown}
 l - a scroll of remove curse {unknown}
Potions
 d - a potion of lignification {unknown}
 j - a potion of agility {unknown}
 k - a potion of might {unknown}
 m - a potion of degeneration {unknown}
Comestibles
 e - 2 bread rations


   Skills:
 - Level 2.0 Fighting
 - Level 3.9 Long Blades
   Level 1.0 Bows
 - Level 1.0 Throwing
 - Level 1.0 Dodging
 - Level 1.7 Stealth
 * Level 2.4 Unarmed Combat


You had 3 spell levels left.
You didn't know any spells.

Dungeon Overview and Level Annotations

Branches:
Dungeon (2/15)

Altars:


Innate Abilities, Weirdness & Mutations

You have sharp fingernails.
You are partially covered in slimy green scales (AC +2).
A weak demonic guardian rushes to your aid.


Message History

You are too injured to fight recklessly!
You are too injured to fight recklessly!
You are too injured to fight recklessly!
You are too injured to fight recklessly!
You are too injured to fight recklessly!
You are too injured to fight recklessly!
You are too injured to fight recklessly!
You are too injured to fight recklessly!
You are too injured to fight recklessly!
You are too injured to fight recklessly!
You are too injured to fight recklessly!
You are too injured to fight recklessly!
You are too injured to fight recklessly!
You are too injured to fight recklessly!
You are too injured to fight recklessly!
You are too injured to fight recklessly!
You are too injured to fight recklessly!
You hit the worm. You barely miss the worm. The worm bites you!
You die...

#.................. #####
###.#############...# #...#
#....# #...# #.#.#####.#..#
#...# #.........#..### #...#
#..#...........# #...#
####.#.####...<#.### #...#
#............w.....# #...#
##...#.##.....@#.#.# #...#
#....#.##.#......#.############
#...<#.......>................#
####..........####.##########'#
#....#.###.##.# #.# #....
##.###.##.....# #.# #....
#.#.#.#(..#######.# #....
#...#....##....##.# #[...
###.....###.##.##.# #....


You could see a worm.

Vanquished Creatures
  3 adders (D:2)
  5 oozes
  A worm (D:2)
  A giant gecko (D:2)
  4 bats
  5 giant cockroaches
  A goblin (D:1)
  8 hobgoblins
  2 jackals (D:2)
  A quokka (D:2)
  A ball python (D:2)
  4 giant newts
  4 kobolds
  9 rats
49 creatures vanquished.

Notes
Turn   | Place    | Note
--------------------------------------------------------------
     0 | D:1      | Goblin1989 the Demonspawn Wanderer began the quest for the Orb.
     0 | D:1      | Goblin1989 set off with: a +2 falchion, 2 scrolls of teleportation, a +0 robe, a +0 dagger, a bread ration
     0 | D:1      | Reached XP level 1. HP: 16/16 MP: 1/1
    64 | D:1      | Reached skill level 3 in Long Blades
   134 | D:1      | Gained mutation: You are partially covered in slimy green scales (AC +2). [demonic ancestry]
   134 | D:1      | Reached XP level 2. HP: 16/22 MP: 2/2
   506 | D:1      | Gained mutation: You have sharp fingernails. [demonic ancestry]
   506 | D:1      | Reached XP level 3. HP: 22/27 MP: 3/3
   876 | D:2      | Reached skill level 1 in Unarmed Combat
  1132 | D:2      | Gained mutation: A weak demonic guardian rushes to your aid. [demonic ancestry]
  1132 | D:2      | Reached XP level 4. HP: 22/33 MP: 4/4
  2236 | D:2      | Slain by a worm

Action                   |  1- 3 |  4- 6 || total
-------------------------+-------+-------++-------
Melee: Falchion          |    89 |    66 ||   155
 Stab: Sleeping          |     1 |     3 ||     4
  Eat: Chunk             |     7 |     6 ||    13
